 Dungeon Crawl Stone Soup version 0.31-a0-521-gc7390f8997 (webtiles) character file.

Game seed: 11358734426556709806

108446 jasper the Hand of Fortune (level 16, 0/127 HPs)
             Began as a Demonspawn Shapeshifter on Aug 9, 2023.
             Was the Champion of Nemelex Xobeh.
             Shot with an arrow by a naga sharpshooter (15 damage)
             ... on level 1 of the Snake Pit on Aug 10, 2023.
             The game lasted 01:13:35 (26746 turns).

jasper the Hand of Fortune (DsSh)                  Turns: 26746, Time: 01:13:35

Health: 0/127      AC: 12    Str: 15    XL:     16   Next: 2%
Magic:  22/25      EV: 21    Int: 11    God:    Nemelex Xobeh [******]
Gold:   1663       SH: 14    Dex: 24    Spells: 14/15 levels left

rFire   + .          .
                       - Unarmed
rCold   + . .        E - +0 kite shield
rNeg    + . .        G - +5 swamp dragon scales
rPois   +            Z - melded +1 helmet {SInv}
rElec   .            K - melded +1 cloak
rCorr   .            (gloves currently unavailable)
SInv    .            P - melded +2 pair of boots
Will    +....        j - amulet of regeneration
Stlth   +            z - +4 ring of slaying
HPRegen 1.21/turn    w - ring "Mymet" {rF+ rC+ rN+ Dex+3}
MPRegen 0.19/turn

%: repel missiles
@: beast-form
A: beast (slay +4), claws 2, repulsion field 3, foul stench 2, demonic magic 1
a: Begin Untransformation, Renounce Religion, Draw Escape, Draw Destruction,
Draw Summoning, Triple Draw, Deal Four, Stack Five


You were on level 1 of the Snake Pit.
You worshipped Nemelex Xobeh.
Nemelex Xobeh was exalted by your worship.
You were a hulking beast.
You visited 5 branches of the dungeon, and saw 24 of its levels.

You collected 2788 gold pieces.
You spent 1125 gold pieces at shops.

Inventory:

Missiles
 n - 5 javelins
 o - 22 boomerangs (quivered)
 D - a throwing net
 F - 2 curare-tipped darts
Armour
 q - +0 fire dragon scales
 y - a +3 leather armour
 B - a +1 scale mail of poison resistance
 E - a +0 kite shield (worn)
 G - +5 swamp dragon scales (worn)
 K - a +1 cloak (melded)
 M - the +1 robe of Vines {NoPotionHeal Regen++++}
   (You found it on level 10 of the Dungeon)

   NoPotionHeal: Its wearer cannot be healed by potions.
   Regen++++: It increases your rate of health regeneration.
 P - a +2 pair of boots (melded)
 Z - a +1 helmet of see invisible (melded)
Jewellery
 a - a ring of willpower
 j - an amulet of regeneration (around neck)
 w - the ring "Mymet" (right claw) {rF+ rC+ rN+ Dex+3}
   (You bought it in a shop on level 2 of the Orcish Mines)

   [ring of protection from fire]

   Dex+3:     It affects your dexterity (+3).
   rF+:       It protects you from fire.
   rC+:       It protects you from cold.
   rN+:       It protects you from negative energy.
 z - a +4 ring of slaying (left claw)
 A - a ring of flight
 H - a ring of willpower
Talismans
 c - a beast talisman (active)
 C - a flux talisman
 L - a blade talisman
 U - a maw talisman
Wands
 d - a wand of iceblast (8)
 e - a wand of mindburst (16)
 l - a wand of acid (8)
 s - a wand of flame (16)
 Q - a wand of polymorph (4)
 V - a wand of digging (7)
 X - a wand of paralysis (11)
Scrolls
 b - 6 scrolls of vulnerability
 t - 3 scrolls of amnesia
 u - 9 scrolls of blinking
 x - 6 scrolls of teleportation
 I - 4 scrolls of fog
 R - a scroll of fear
 S - 11 scrolls of identify
 T - 3 scrolls of revelation
 W - 2 scrolls of immolation
Potions
 f - 10 potions of curing
 h - 5 potions of degeneration
 i - 4 potions of mutation
 k - 6 potions of attraction
 m - 2 potions of brilliance
 p - 2 potions of ambrosia
 r - 4 potions of might
 v - 2 potions of magic
 J - 3 potions of haste
 N - a potion of lignification
 Y - a potion of enlightenment {unknown}
Miscellaneous
 O - a tin of tremorstones (2/2)


   Skills:
 - Level 12.0 Fighting
 - Level 10.0 Dodging
 - Level 12.0 Shields
 - Level 12.0 Unarmed Combat
 - Level 12.0 Invocations
 + Level 11.6 Shapeshifting


You had 14 spell levels left.
You knew the following spells:

 Your Spells              Type           Power      Damage    Failure   Level
a - Apportation           Tloc           0%         N/A       82%         1

Your spell library contained the following spells:

 Spells                   Type           Power      Damage    Failure   Level
 Necrotise                Necr           0%         1d4       82%         1
 Summon Small Mammal      Summ           0%         N/A       82%         1
 Vhi's Electric Charge    Tloc/Air       0%         N/A       99%         3
 Olgreb's Toxic Radiance  Pois           0%         N/A       100%        4
 Arcjolt                  Conj/Air       0%         1d10      100%        5
 Yara's Violent Unravell  Hex/Tmut       0%         3d3       100%        5
 Maxwell's Capacitive Co  Air            0%         ∞         100%        8


Dungeon Overview and Level Annotations

Branches:
Dungeon (15/15)            Temple (0/1) D:4            Lair (5/5) D:8
  Swamp (1/4) Lair:3        Snake (1/4) Lair:3        Slime (0/5) Lair:5
    Orc (2/2) D:11            Elf (0/3) Orc:2        Vaults (0/5) D:13
 Depths (0/4) D:15

Altars:
Nemelex Xobeh
Ru
Trog
Uskayaw
Wu Jian

Shops:
D:11 :?=(:   Orc:2 ([=*   Snake:1 *

Portals:
Trove: D:12 (give horn of Geryon)

Annotations:
D:9 exclusion: two-headed ogre
D:11 2 transporters
Lair:1 2 runed translucent doors, Unforgiven's ghost, journeyman TrFi
Lair:2 1 runed translucent door, HilariousDeathArtist's ghost, adept HOCj
Lair:3 exclusion: oklob plant


Innate Abilities, Weirdness & Mutations

You are a hulking beast.
Your limbs bulge with bestial killing power. (Slay +4)
You have very sharp fingernails.
You are surrounded by a strong repulsion field. (EV +4, RMsl)
You sometimes emit foul miasma when damaged in melee.
Spells you cast may paralyse adjacent enemies.


Message History

You miss the shock serpent.
The shock serpent is moderately wounded.
The shock serpent bites you! The shock serpent shocks you!
You take 18 damage, and have 45/127 hp.
You mangle the shock serpent!!
The shock serpent is almost dead.
The shock serpent's electric aura discharges, shocking you!
* * * LOW HITPOINT WARNING * * *
You hear an angry hiss.
You block the shock serpent's attack.
You take 19 damage, and have 26/127 hp.
You mangle the shock serpent!!
You kill the shock serpent!
The air sparks with electricity, shocking you!
* * * LOW HITPOINT WARNING * * *
The naga sharpshooter spits poison at you.
The splash of poison hits you. You resist.
* * * LOW HITPOINT WARNING * * *
You take 5 damage, and have 21/127 hp.
A black mamba comes into view.
The naga sharpshooter shoots an arrow.
You block the arrow.
You see here a shock serpent corpse.
You mangle the naga sharpshooter!!
The naga sharpshooter is heavily wounded.
The black mamba misses you.
The naga sharpshooter shoots an arrow.
The arrow misses you. You block the black mamba's attack.
You claw the naga sharpshooter!
The naga sharpshooter is severely wounded.
You block the black mamba's attack.
The naga sharpshooter casts a spell.
The naga sharpshooter magically shoots an arrow.
The arrow hits you!
* * * LOW HITPOINT WARNING * * *
You take 9 damage, and have 14/127 hp.
The black mamba misses you.
The naga sharpshooter mumbles some strange words.
The naga sharpshooter magically shoots an arrow.
The arrow hits you!
You die...
Your body disappears without a glow.

### ## #≈∩≈
.#..... .#.....
##....... #N...#
.... #S##.#
....... #h#
#.>.#.. ######.#
#...... #...#..#
.......
###.....##
#.....##......##
#....÷.........##
#...#.).........#
#........###....#
###.####)# ##...#


You could see a naga sharpshooter (catching breath) and a black mamba.

Vanquished Creatures
  An orc warlord (Orc:2)
  A stone giant (D:15)
  Azrael (D:15)
  A fire dragon (D:13)
  Josephine (D:14)
  A rakshasa (D:13)
  2 vault guards (D:13)
  8 hydras
  An anaconda (Snake:1)
  3 centaur warriors
  An alligator (Lair:3)
  2 two-headed ogres
  A tengu warrior (D:13)
  3 boulder beetles
  4 death yaks (Lair:5)
  A naga warrior (Snake:1)
  A shock serpent (Snake:1)
  An orc high priest (Orc:2)
  2 naga sharpshooters (Snake:1)
  A fire crab (shapeshifter) (D:14)
  A skyshark (Lair:2)
  A bog body (Lair:3)
  A wizard (D:14)
  2 naga ritualists (Snake:1)
  A swamp dragon (Swamp:1)
  A deep elf pyromancer (D:12)
  A salamander (Lair:3)
  18 ugly things
  3 mana vipers (Snake:1)
  4 orc sorcerers
  A wolf spider (D:13)
  3 orc knights
  6 manticores
  3 cyclopes
  A naga mage (Snake:1)
  5 elephants (Lair:5)
  15 black mambas
  Maurice (Orc:2)
  3 gargoyles
  2 rime drakes
  12 komodo dragons
  8 cane toads
  3 efreet
  A yaktaur (D:13)
  2 tengu conjurers
  A guardian mummy (D:12)
  5 trolls
  12 polar bears
  4 meliai
  5 hornets
  9 blink frogs
  2 tyrant leeches (Swamp:1)
  2 raiju (Lair:5)
  Prince Ribbit (D:7)
  4 dream sheep (Lair:5)
  A slime creature (D:13)
  2 shadows
  4 spriggans
  6 wraiths
  A centaur simulacrum (D:13)
  2 hogs (Lair:3)
  A human (shapeshifter) (D:14)
  7 basilisks
  27 yaks
  3 wyverns
  2 fire elementals (D:15)
  3 vampire mosquitoes (D:14)
  4 steam dragons
  A death yak simulacrum (Lair:4)
  6 wargs
  2 acid dragons
  4 nagas (Lair:3)
  Menkaure (D:6)
  3 swamp worms (Lair:3)
  11 water moccasins
  19 hell hounds
  25 orc warriors
  2 sky beasts
  13 black bears
  2 ice beasts
  29 wolves
  5 ogres
  A boggart (D:13)
  4 centaurs
  2 phantoms (D:4)
  3 kobold brigands
  3 scorpions
  13 bullfrogs
  3 cane toad simulacra (Lair:4)
  A gnoll sergeant (D:11)
  8 wights
  15 killer bees
  7 howler monkeys
  4 electric eels
  2 bullfrog zombies (D:5)
  A centaur zombie (D:5)
  A bullfrog skeleton (D:5)
  13 hounds
  A jelly (D:6)
  13 orc priests
  2 sleepcaps
  A centaur skeleton (D:5)
  A gnoll bouda (D:7)
  2 iguanas (D:5)
  23 orc wizards
  A scorpion zombie (D:5)
  A wolf simulacrum (Lair:4)
  A hound zombie (D:5)
  A hound skeleton (D:5)
  A howler monkey zombie (D:5)
  12 gnolls
  12 adders
  2 ufetubi
  An adder skeleton (D:5)
  2 worms (D:3)
  3 dart slugs
  56 orcs
  12 ball pythons
  3 endoplasms
  3 giant cockroaches
  4 goblins
  9 hobgoblins
  6 jackals (D:1)
  A quokka (D:1)
  2 bats
  A frilled lizard (D:3)
  24 kobolds
  4 rats
653 creatures vanquished.

Vanquished Creatures (collateral kills)
  Kirke (Lair:3)
  2 vault guards (D:13)
  Erolcha (D:11)
  A two-headed ogre (D:9)
  5 skeletal warriors (D:13)
  An ugly thing (D:13)
  A cyclops (D:11)
  A troll (D:11)
  Grum (D:8)
  A vampire mosquito (D:13)
  An orc warrior (Orc:2)
  A wolf (D:8)
  Blork the orc (D:5)
  3 killer bees (D:5)
  An electric eel (D:8)
  A dart slug (D:5)
  An orc (Orc:2)
24 creatures vanquished.

Vanquished Creatures (others)
  A troll (D:13)
  4 humans (Snake:1)
5 creatures vanquished.

Grand Total: 682 creatures vanquished

Notes
Turn   | Place    | Note
-------+----------+-------------------------------------------
     0 | D:1      | jasper the Demonspawn Shapeshifter began the quest for the
                  | Orb.
     0 | D:1      | Reached XP level 1. HP: 15/15 MP: 1/1
   193 | D:1      | Gained mutation: You are surrounded by a mild repulsion
                  | field. (EV +2) [demonic ancestry]
   193 | D:1      | Reached XP level 2. HP: 14/21 MP: 2/2
   321 | D:1      | Found a faded altar of an unknown god.
   344 | D:1      | Prayed at the altar of an unknown god.
   344 | D:1      | Became a worshipper of Nemelex Xobeh the Trickster
   344 | D:1      | Reached * piety under Nemelex Xobeh
   344 | D:1      | Received a gift from Nemelex Xobeh
   595 | D:1      | You fall into a shaft and drop 1 floor!
   909 | D:2      | Reached XP level 3. HP: 27/27 MP: 3/3
  1662 | D:2      | Reached ** piety under Nemelex Xobeh
  1752 | D:2      | Reached XP level 4. HP: 30/33 MP: 4/4
  1931 | D:2      | Received a gift from Nemelex Xobeh
  2860 | D:3      | Learned a level 1 spell: Apportation
  2901 | D:3      | Gained mutation: You may rarely emit foul miasma when
                  | damaged in melee. [demonic ancestry]
  2901 | D:3      | Reached XP level 5. HP: 39/39 MP: 5/5
  3755 | D:4      | Noticed a phantom
  3766 | D:4      | Killed a phantom
  3767 | D:4      | Gained mutation: You have sharp fingernails. [demonic
                  | ancestry]
  3767 | D:4      | Reached XP level 6. HP: 47/47 MP: 6/6
  3789 | D:4      | Reached *** piety under Nemelex Xobeh
  3819 | D:4      | Reached skill level 5 in Unarmed Combat
  3873 | D:4      | Found a staircase to the Ecumenical Temple.
  4129 | D:4      | Identified the +0 ring mail of Calculation {rF- rN++
                  | Regen+}
  4134 | D:4      | Gained mutation: You have very sharp fingernails. [demonic
                  | ancestry]
  4134 | D:4      | Reached XP level 7. HP: 51/52 MP: 7/7
  4135 | D:4      | Received a gift from Nemelex Xobeh
  4874 | D:5      | Entered Level 5 of the Dungeon
  5153 | D:5      | Noticed Blork the orc
  5167 | D:5      | Killed Blork the orc
  5168 | D:5      | Reached XP level 8. HP: 50/61 MP: 8/8
  5238 | D:5      | Received a gift from Nemelex Xobeh
  5396 | D:5      | Reached skill level 5 in Fighting
  5420 | D:5      | Reached skill level 5 in Dodging
  5656 | D:5      | Found an ornate altar of the Wu Jian Council.
  5745 | D:5      | Reached **** piety under Nemelex Xobeh
  6394 | D:6      | Noticed Menkaure
  6400 | D:6      | Killed Menkaure
  6401 | D:6      | Gained mutation: You sometimes emit foul miasma when
                  | damaged in melee. [demonic ancestry]
  6401 | D:6      | Reached XP level 9. HP: 36/69 MP: 9/9
  6892 | D:6      | Received a gift from Nemelex Xobeh
  7646 | D:7      | Noticed Prince Ribbit
  7652 | D:7      | Killed Prince Ribbit
  8275 | D:7      | Received a gift from Nemelex Xobeh
  8331 | D:7      | Reached ***** piety under Nemelex Xobeh
  9201 | D:8      | Gained mutation: Spells you cast may paralyse adjacent
                  | enemies. [demonic ancestry]
  9201 | D:8      | Reached XP level 10. HP: 64/79 MP: 10/10
  9359 | D:8      | Reached skill level 10 in Unarmed Combat
  9599 | D:8      | Found a staircase to the Lair.
  9639 | D:8      | Noticed Grum
  9660 | D:8      | Killed Grum
 10061 | D:8      | Received a gift from Nemelex Xobeh
 10210 | D:9      | Noticed a two-headed ogre
 11339 | D:10     | Entered Level 10 of the Dungeon
 11381 | D:9      | Killed a two-headed ogre
 11382 | D:9      | Gained mutation: You are surrounded by a moderate repulsion
                  | field. (EV +3) [demonic ancestry]
 11382 | D:9      | Reached XP level 11. HP: 90/90 MP: 11/11
 11530 | D:10     | Found a hide-covered altar of Uskayaw.
 11676 | D:10     | Received a gift from Nemelex Xobeh
 11678 | D:10     | Noticed a centaur warrior
 11690 | D:10     | Reached skill level 10 in Fighting
 11699 | D:10     | Killed a centaur warrior
 11962 | D:10     | Found a flagged portal.
 11965 | D:10     | Found the +1 robe of Vines {NoPotionHeal Regen++++}
 12075 | D:10     | Found a sacrificial altar of Ru.
 12077 | D:10     | Found a bloodstained altar of Trog.
 12377 | D:10     | Noticed a two-headed ogre
 12391 | D:10     | Killed a two-headed ogre
 12392 | D:10     | Reached skill level 10 in Dodging
 12698 | D:11     | Found Cuarua Impurph's Antique Weapon Boutique.
 12776 | D:11     | Found Bademumeon's Book Shop.
 12776 | D:11     | Received a gift from Nemelex Xobeh
 12792 | D:11     | Noticed Erolcha
 12797 | D:11     | Killed Erolcha
 12846 | D:11     | Noticed a deep elf knight
 12847 | D:11     | Noticed a fire crab
 12856 | D:11     | Found a transporter.
 12867 | D:11     | Found a staircase to the Orcish Mines.
 12948 | D:11     | Noticed a fire crab
 12954 | D:11     | Reached XP level 12. HP: 77/97 MP: 14/20
 13067 | D:11     | Found Kinesalua's Book Emporium.
 13319 | D:11     | Received a gift from Nemelex Xobeh
 13423 | D:11     | Found a transporter.
 13425 | D:11     | Found Vekh's Magic Scroll Emporium.
 13442 | D:11     | Bought a scroll of fear for 68 gold pieces
 13442 | D:11     | Bought a scroll of fear for 68 gold pieces
 13442 | D:11     | Bought a scroll of blinking for 127 gold pieces
 13442 | D:11     | Bought a scroll of identify for 34 gold pieces
 13442 | D:11     | Bought a scroll of identify for 34 gold pieces
 13442 | D:11     | Bought a scroll of identify for 34 gold pieces
 13442 | D:11     | Bought a scroll of revelation for 127 gold pieces
 13507 | D:11     | Found Giumem's Jewellery Boutique.
 13727 | Lair:1   | Entered Level 1 of the Lair of Beasts
 13932 | Lair:1   | Reached skill level 5 in Shapeshifting
 14220 | Lair:1   | Found a large runed translucent door.
 14220 | Lair:1   | Found a large runed translucent door.
 14224 | Lair:1   | Noticed Unforgiven's ghost (journeyman TrFi)
 14951 | Lair:2   | Received a gift from Nemelex Xobeh
 15173 | Lair:2   | Reached XP level 13. HP: 103/103 MP: 22/22
 15347 | Lair:2   | Identified the +3 quick blade of Qeklibal {distort, rElec
                  | Dex+3}
 15379 | Lair:2   | Found a runed translucent door.
 15385 | Lair:2   | Identified the +0 trident of the Throat {drain, rF+}
 15723 | Lair:2   | Noticed HilariousDeathArtist's ghost (adept HOCj)
 15771 | Lair:3   | Received a gift from Nemelex Xobeh
 17057 | Lair:3   | Received a gift from Nemelex Xobeh
 17109 | Lair:3   | Found a staircase to the Swamp.
 17209 | Lair:3   | Found a staircase to the Snake Pit.
 17755 | Lair:4   | Reached skill level 1 in Shields
 17887 | Lair:4   | Identified a scroll of acquirement
 17887 | Lair:4   | Acquired an amulet of regeneration
 18220 | Lair:4   | Reached ****** piety under Nemelex Xobeh
 18220 | Lair:4   | Received a gift from Nemelex Xobeh
 18275 | Lair:4   | Reached skill level 5 in Shields
 18295 | Lair:4   | Found a frozen archway.
 18756 | Orc:1    | Entered Level 1 of the Orcish Mines
 19018 | Orc:1    | Received a gift from Nemelex Xobeh
 19089 | Orc:2    | Entered Level 2 of the Orcish Mines
 19295 | Orc:2    | Noticed an orc warlord
 19505 | Orc:2    | Found a staircase to the Elven Halls.
 19836 | Orc:2    | Found Vafyrchu's General Store.
 19853 | Orc:2    | Bought a scroll of teleportation for 39 gold pieces
 19875 | Orc:2    | Found Dyum's Jewellery Emporium.
 19882 | Orc:2    | Bought the ring "Mymet" {rF+ rC+ rN+ Dex+3} for 594 gold
                  | pieces
 19898 | Orc:2    | Noticed Maurice
 19945 | Orc:2    | Killed Maurice
 19946 | Orc:2    | Reached XP level 14. HP: 103/110 MP: 23/23
 19991 | Orc:2    | Killed an orc warlord
 20026 | Orc:2    | Found Lyfoisor's Antique Weapon Emporium.
 20036 | Orc:2    | Received a gift from Nemelex Xobeh
 20162 | Orc:2    | Found Mongoa's Antique Armour Emporium.
 20450 | Lair:5   | Entered Level 5 of the Lair of Beasts
 20528 | Lair:5   | Found a staircase to the Slime Pits.
 20887 | Lair:5   | Reached skill level 10 in Shields
 20939 | Lair:5   | Received a gift from Nemelex Xobeh
 21381 | Lair:5   | Identified the +0 chain mail "Hakoivil" {Will+++ Int-3
                  | Dex+2 SInv}
 21577 | Lair:5   | Upgraded the game from 0.31-a0-507-gbafd7f5274 to
                  | 0.31-a0-521-gc7390f8997
 22324 | D:12     | Received a gift from Nemelex Xobeh
 22432 | D:12     | Found a portal to a secret trove of treasure.
 22862 | D:13     | Identified the +5 spear of the Lurker {freeze, rC+}
 22863 | D:13     | Got the Codex of Mutated Venom
 22903 | D:13     | Received a gift from Nemelex Xobeh
 23055 | D:13     | Gained mutation: You are surrounded by a strong repulsion
                  | field. (EV +4, RMsl) [demonic ancestry]
 23055 | D:13     | Reached XP level 15. HP: 56/118 MP: 24/24
 23187 | D:13     | Found a gate to the Vaults.
 23792 | D:14     | Found a sparkling altar of Nemelex Xobeh.
 24045 | D:14     | Received a gift from Nemelex Xobeh
 24125 | D:14     | Noticed Josephine
 24131 | D:14     | Killed Josephine
 24540 | D:15     | Entered Level 15 of the Dungeon
 24636 | D:15     | Found a staircase to the Depths.
 24798 | D:15     | Reached skill level 10 in Shapeshifting
 24885 | D:15     | Noticed Azrael
 24915 | D:15     | Killed Azrael
 25042 | D:15     | Received a gift from Nemelex Xobeh
 25649 | Snake:1  | Entered Level 1 of the Snake Pit
 25650 | Snake:1  | Noticed Kirke
 25690 | Lair:3   | Killed Kirke
 26134 | Swamp:1  | Entered Level 1 of the Swamp
 26703 | Snake:1  | Reached XP level 16. HP: 127/127 MP: 25/25
 26726 | Snake:1  | Found Gyuxzaar's General Store.
 26746 | Snake:1  | Shot with an arrow by a naga sharpshooter

Illustrated notes

Levels and vault maps discovered:
D:1:      nicolae_arrival_memento_mori, layout_loops_corners,
          hellmonk_ecumenical_altar_pennies_from_heaven, minmay_misc_feat_room,
          minivault_25, minivault_14, roderic_roman_lattice
D:2:      layout_loops_ring, minmay_snake_closets
D:3:      layout_basic, amcnicky_altar_gilded, kennysheep_generic_room_14
D:4:      layout_basic, minmay_temple_entry_proselytizer,
          minmay_gold_behind_fungi
D:5:      layout_basic, nicolae_wu_jian_wuxing_cycle, serial_undead,
          serial_undead_a, serial_undead_f, serial_undead_a, serial_undead_d,
          st_stairs_1, uniq_blork_the_orc
D:6:      layout_cave_pods, serial_rivers, chequers_serial_rivers_room_a,
          chequers_serial_rivers_small_3, chequers_serial_rivers_small_3,
          chequers_serial_rivers_micro_c, chequers_serial_rivers_room_b,
          chequers_serial_rivers_small_a, uniq_menkaure
D:7:      layout_basic, elyvilon_altar_5, uniq_prince_ribbit1
D:8:      layout_rooms, erik_lair_island, uniq_grum
D:9:      layout_loops_ring, minmay_misc_feat_tiny
D:10:     layout_long_grid, nicolae_overflow_crystal_walls,
          chequers_temple_overflow_statue_of_worship, enter_bailey_8
D:11:     gammafunk_wand_slinger, layout_irregular_city, serial_shops,
          nicolae_shop_back_alley_shop, nicolae_shop_pleasant_corner_grove,
          nicolae_book_shop_shelving, nicolae_shop_real_fake_doors, shop,
          uniq_erolcha
D:12:     layout_basic, nicolae_trove_entry_path_of_doom,
          minmay_misc_feat_rugged, drop_trap,
          einodemon_armed_red_devil_minivault
D:13:     layout_loops_ring, lightli_vaults_fourway_checkpoint,
          minmay_the_grid_2x2 [minmay_the_grid_outer_diamond,
          minmay_the_grid_holed_spiral, minmay_the_grid_eight,
          minmay_the_grid_prize_shrinking_boxes]
D:14:     layout_roguey, lemuel_doored_altar, uniq_josephine
D:15:     grunt_enter_depths_giant_problem, layout_loops_ring, uniq_azrael
Lair:1:   layout_misc_corridors, ebering_ghost_disaster_area,
          serial_bayou_shore_b
Lair:2:   layout_misc_corridors, ebering_ghost_funeral_grove
Lair:3:   layout_cave_pods, nicolae_swamp_entry_splash_gauntlet,
          alex1729_snake_entry_snake
Lair:4:   layout_loops_ring, portal_ice_cave_entry_ice_simulacra,
          cheibrodos_lair_caveside_slide, grunt_megastairs_4
Lair:5:   hangedman_lair_caniforms_friends, layout_long_grid, slime_entry_1
Swamp:1:  layout_basic_swamp, nicolae_swamp_tree_designs
Snake:1:  layout_misc_corridors, nicolae_specific_store, uniq_kirke
Orc:1:    layout_caves
Orc:2:    grunt_orc_cross, layout_caves, guppyfry_library_mini, uniq_maurice

Skill      XL: |  1  2  3  4  5  6  7  8  9 10 11 12 13 14 15 |
---------------+----------------------------------------------+-----
Dodging        | 2 3 4 5 6 9 10 | 10.0
Unarmed Combat | 3 4 5 6 8 9 10 12 | 12.0
Fighting       | 2 3 4 5 7 9 10 11 12 | 12.0
Shapeshifting  | 4 7 9 11 | 11.6
Invocations    | 11 12 | 12.0
Shields        | 8 12 | 12.0

Action                     |  1- 3 |  4- 6 |  7- 9 | 10-12 | 13-15 | 16-18 || total
---------------------------+-------+-------+-------+-------+-------+-------++-------
  Melee: Unarmed           |    75 |   131 |   290 |   393 |  1383 |    13 ||  2285
         Punch             |     2 |     2 |    13 |    18 |       |       ||    35
         Maw               |       |       |       |       |   321 |       ||   321
  Throw: Stone             |    18 |       |       |       |       |       ||    18
         Boomerang         |       |    29 |    68 |    30 |    59 |       ||   186
 Invoke: Draw Summoning    |       |       |     2 |     4 |     4 |       ||    10
         Draw Escape       |       |       |     3 |       |       |       ||     3
         Draw Destruction  |       |       |     1 |       |     2 |       ||     3
  Evoke: Wand              |       |     3 |     8 |    19 |     7 |       ||    37
         Tin of tremorston |       |       |       |       |     1 |       ||     1
    Use: Scroll            |     3 |     6 |     6 |     8 |    10 |       ||    33
         Potion            |       |     1 |     2 |     3 |     8 |       ||    14
   Stab: Sleeping          |       |       |     1 |       |     2 |       ||     3
         Distracted        |       |       |       |     1 |     3 |       ||     4
 Armour: Animal skin       |     5 |       |       |       |       |       ||     5
         Ring mail         |     6 |    24 |    34 |       |       |       ||    64
         Skin              |       |    23 |       |       |   152 |       ||   175
         Leather armour    |       |       |    37 |    55 |    24 |       ||   116
         Scale mail        |       |       |       |       |    16 |       ||    16
         Swamp dragon scal |       |       |       |       |     4 |     1 ||     5
  Dodge: Dodged            |    43 |    61 |   214 |   390 |   960 |    10 ||  1678
         Repelled          |       |       |       |       |     7 |       ||     7
  Block: Kite shield       |       |       |       |       |   647 |    13 ||   660
         Buckler           |       |       |       |       |    34 |       ||    34
   Form: Flux              |       |       |       |     1 |     2 |       ||     3
         Maw               |       |       |       |       |     3 |       ||     3
         Beast             |       |       |       |       |     1 |       ||     1

Table legend: (Time is in decaauts)
 A = Elapsed time spent in this place.
 B = Non-inter-level travel time spent in this place.
 C = Inter-level travel time spent in this place.
 D = Time resting spent in this place.
 E = Time spent auto-exploring this place.
 F = Levels seen in this place.
 G = Mean time per level.
                   A        B        C        D        E       F      G
               +--------+--------+--------+--------+--------+-----+--------+
         Total |  26595 |  24412 |   2183 |   3524 |  15537 |  24 | 1108.1 |
       Dungeon |  17475 |  15914 |   1561 |   2114 |  10824 |  15 | 1165.0 |
          Lair |   7059 |   6511 |    548 |   1169 |   3695 |   5 | 1411.8 |
         Swamp |    281 |    270 |     11 |     99 |     96 |   1 |  281.0 |
     Snake Pit |    240 |    240 |      0 |      0 |     87 |   1 |  240.0 |
  Orcish Mines |   1538 |   1477 |     61 |    141 |    834 |   2 |  769.0 |
               +--------+--------+--------+--------+--------+-----+--------+

Top non-repeatable levels by time:
  Lair:3: 2277 daAuts
     D:2: 1504 daAuts
     D:8: 1454 daAuts
    D:10: 1386 daAuts
     D:7: 1349 daAuts
  Lair:5: 1345 daAuts
     D:4: 1326 daAuts
     D:6: 1308 daAuts
  Lair:2: 1287 daAuts
     D:9: 1252 daAuts
  Lair:1: 1244 daAuts
     D:1: 1192 daAuts
    D:13: 1148 daAuts
     D:5: 1147 daAuts
    D:11: 1042 daAuts
